[Event "Live Chess"]
[Site "Chess.com"]
[Date "2024.06.02"]
[Round "-"]
[White "oscalik"]
[Black "KGreenGator"]
[Result "0-1"]
[WhiteElo "2246"]
[BlackElo "1775"]
[TimeControl "300"]
[EndTime "18:53:07 PDT"]
[Termination "KGreenGator won by checkmate"]

1. e4 c5 2. Nc3 e6 3. g3 d5 4. Bg2 d4 5. Nb1 Nc6 6. d3 Bd6 7. f4 e5 8. Nf3 exf4 9. gxf4 Bg4 10. O-O Nge7 11. Qe1 O-O 12. Nbd2 Ng6 13. Nc4 Bxf4 14. h3 Bh5 15. Kh1 b5 16. Na3 b4 17. Nc4 Bxc1 18. Rxc1 f6 19. Qg3 a5 20. Nd6 Qe7 21. Nf5 Qe6 22. Rce1 Nce5 23. N3h4 Ra7 24. Rf2 Qxa2 25. b3 a4 26. bxa4 Qxa4 27. Nd6 Rd8 28. Nhf5 Qc6 29. Nc4 Nxc4 30. dxc4 Qc7 31. e5 fxe5 32. Bd5+ Kh8 33. Qg5 Nf4 34. Rxf4 exf4 35. Re7 Qxe7 36. Nxe7 Ra1+ 37. Kh2 Re8 38. Qxh5 Rxe7 39. Qg4 g5 40. h4 h6 41. hxg5 hxg5 42. Qh5+ Rh7 43. Qxh7+ Kxh7 44.
Kh3 Kh6 45. Kg4 Rb1 46. Kf5 b3 47. cxb3 Rxb3 48. Ke5 f3 49. Kd6 f2 50. Bg2 Rc3 51.
Kxc5 d3 52. Kd4 Ra3 53. c5 d2 54. Bf3 Rxf3 55. c6 Rf7 56. Ke4 f1=Q 57. c7 Qe1+ 58. Kd5 Rxc7 59. Kd6 d1=Q+ 60. Kxc7 Qc3+ 61. Kb6 Qb1+ 62. Ka7 Qca1# 0-1

[Event "Live Chess"]
[Site "Chess.com"]
[Date "2024.06.02"]
[Round "-"]
[White "RockTroll"]
[Black "RafaelRony"]
[Result "1-0"]
[WhiteElo "2209"]
[BlackElo "1074"]
[TimeControl "300"]
[EndTime "18:53:12 PDT"]
[Termination "RockTroll won by resignation"]

1. Nf3 d5 2. g3 c5 3. Bg2 Nc6 4. d4 cxd4 5. Nxd4 e5 6. Nxc6 bxc6 7. c4 Nf6 8. Nc3 Bb4 9. cxd5 cxd5 10. Qa4+ Bd7 11.
Qxb4 d4 12. Ne4 Rb8 13. Nxf6+ Qxf6 14. Qxb8+ 1-0

[Event "Live Chess"]
[Site "Chess.com"]
[Date "2024.06.02"]
[Round "-"]
[White "NeilDruggan73"]
[Black "Mikhail_Golubev"]
[Result "0-1"]
[WhiteElo "1779"]
[BlackElo "2575"]
[TimeControl "300"]
[EndTime "18:53:40 PDT"]
[Termination "Mikhail_Golubev won by checkmate"]

1. d4 g6 2. e4 d6 3. Bc4 Bg7 4. Be3 Nf6 5. f3 d5 6. exd5 Nxd5 7. Bxd5 Qxd5 8. Nc3 Qa5 9. Qd2 O-O 10. O-O-O Rd8 11.
Bh6 Rxd4 12. Qxd4 Bxd4 13. Rxd4 Nc6 14. Rd5 Qa6 15. Nge2 Be6 16. Rd2 b5 17. Rhd1 b4 18. Nd5 Qxa2 19. Nxe7+ Kh8 20. Rd3 Nxe7 21. Rd8+ Rxd8 22.
Rxd8+ Ng8 23. Ng3 Qa1+ 24. Kd2 Qxb2 25. Ne4 f6 26. g4 b3 27. Ke3 bxc2 28. Kf2 c1=Q+ 29.
Kg3 Qxh6 30. Nxf6 Qbxh2# 0-1

[Event "Live Chess"]
[Site "Chess.com"]
[Date "2024.06.02"]
[Round "-"]
[White "juniortay"]
[Black "RafaelRony"]
[Result "1-0"]
[WhiteElo "2423"]
[BlackElo "1074"]
[TimeControl "300"]
[EndTime "18:54:15 PDT"]
[Termination "juniortay won by resignation"]

1. e4 c5 2. Nf3 Nc6 3. b4 cxb4 4.
d4 d5 5. exd5 Qxd5 6. c4 Qd8 7.
d5 Nb8 8. Qa4+ Bd7 9. Qxb4 Qc7 10. Be2 e6 11. Qb3 exd5 12. O-O dxc4 13. Bxc4 1-0

[Event "Live Chess"]
[Site "Chess.com"]
[Date "2024.06.02"]
[Round "-"]
[White "nigelst"]
[Black "asingardenof"]
[Result "1-0"]
[WhiteElo "1740"]
[BlackElo "626"]
[TimeControl "300"]
[EndTime "18:54:18 PDT"]
[Termination "nigelst won by checkmate"]

1. e4 c6 2. d4 d5 3. exd5 cxd5 4.
Bd3 Nc6 5. c3 Nf6 6. Nf3 e6 7.
Bf4 Be7 8. O-O O-O 9. Re1 Nh5 10.
Bg3 Nxg3 11. hxg3 Bd6 12. Bc2 f6 13. Qd3 g6 14. Nh4 Qe8 15. Nd2 Kg7 16. Ndf3 f5 17.
Ng5 Nd8 18. Qd2 h6 19. Ngf3 Nf7 20. Bxf5 exf5 21. Nxf5+ gxf5 22. Rxe8 Rxe8 23. Re1 Be6 24. Nh4 Kf8 25. Ng6+ Kg7 26. Nf4 Kf8 27. Nxe6+ Ke7 28. Ng7+ Kf8 29. Nxe8 Rxe8 30. Rxe8+ Kxe8 31. Qe2+ Kf8 32. Qh5 Be7 33. Qxf5 Ke8 34. f4 Nd6 35. Qxd5 a5 36.
Qe6 h5 37. f5 Nf7 38. f6 Kf8 39. Qxe7+ Kg8 40. Qe8+ Kh7 41. Qxf7+ Kh6 42. Qg7# 1-0

[Event "Live Chess"]
[Site "Chess.com"]
[Date "2024.06.02"]
[Round "-"]
[White "WelshTiger"]
[Black "ShanthamGrarks"]
[Result "1-0"]
[WhiteElo "2441"]
[BlackElo "1876"]
[TimeControl "300"]
[EndTime "18:55:01 PDT"]
[Termination "WelshTiger won by resignation"]

1. e4 e6 2. d4 d5 3. Nd2 Nf6 4.
e5 Nfd7 5. Bd3 c5 6. c3 Nc6 7.
Ne2 Qb6 8. Nf3 h6 9. O-O Be7 10. a3 cxd4 11. cxd4 Qc7 12. b4 a6 13. Be3 b5 14.
Rc1 Qd8 15. Rxc6 Bb7 16. Rc1 O-O 17. Bb1 f5 18. exf6 Nxf6 19. Ne5 a5 20. Qd3 axb4 21. axb4 Bxb4 22. Bxh6 Ra3 23. Qg6 Qe7 24. Bg5 Bd6 25. Bxf6 Rxf6 26. Qh7+ 1-0

[Event "Live Chess"]
[Site "Chess.com"]
[Date "2024.06.02"]
[Round "-"]
[White "e4evr"]
[Black "KeithArkell"]
[Result "0-1"]
[WhiteElo "2225"]
[BlackElo "2446"]
[TimeControl "300"]
[EndTime "18:55:03 PDT"]
[Termination "KeithArkell won by checkmate"]

1. c3 d5 2. h4 c5 3. Nf3 Nc6 4. d3 Nf6 5. Bf4 Bg4 6. Nbd2 e6 7. Bh2 Bd6 8. Bg1 Qc7 9. Qa4 O-O-O 10. O-O-O h5 11.
Kb1 Kb8 12. g3 Bf5 13. Bg2 c4 14. Ng5 cxd3 15. exd3 Bxd3+ 16. Ka1 b5 17. Qa6 Rd7 18. f4 Qb7 19. Qxb7+ Kxb7 20. Nb3 Bc4 21. Be3 Ng4 22. Bd4 Nxd4 23. Rxd4 Ne3 24. Na5+ Kb6 25. Nxc4+ bxc4 26. Bf3 Nf5 27. Rd2 Nxg3 28. Re1 Bxf4 29. Rg2 Nf5 30. Nxe6 fxe6 31. Rxe6+ Rd6 32. Bxd5 Rxe6 33. Bxe6 Nxh4 34.
Rxg7 Re8 35. Bf5 Re1+ 36. Bb1 Nf3 37. Rg6+ Kc7 38. Rg1 Rxg1 39. a4 Nd2 40. Ka2 Rxb1 41. a5 Bd6 42. a6 Kb6 43. b4 cxb3# 0-1

[Event "Live Chess"]
[Site "Chess.com"]
[Date "2024.06.02"]
[Round "-"]
[White "RafaelRony"]
[Black "Mikhail_Golubev"]
[Result "0-1"]
[WhiteElo "1074"]
[BlackElo "2575"]
[TimeControl "300"]
[EndTime "18:55:45 PDT"]
[Termination "Mikhail_Golubev won by resignation"]

1. e4 c5 2. Nf3 Nc6 3. d4 cxd4 4. Nxd4 g6 5. Nc3 Bg7 6. Be3 Nf6 7. f3 O-O 8. Qd2 d5 9. exd5 Nxd5 10. Bc4 Nxe3 11. Qxe3 Bxd4 12. Qh6 Qa5 0-1

[Event "Live Chess"]
[Site "Chess.com"]
[Date "2024.06.02"]
[Round "-"]
[White "Crowded_House"]
[Black "grillage"]
[Result "0-1"]
[WhiteElo "1688"]
[BlackElo "1861"]
[TimeControl "300"]
[EndTime "18:56:06 PDT"]
[Termination "grillage won by resignation"]

1. d4 e6 2. Nf3 Nf6 3. Bg5 Be7 4. e3 c5 5. c3 cxd4 6. cxd4 b6 7. Bd3 Ba6 8. Qe2 Bxd3 9. Qxd3 O-O 10. O-O d6 11. Nbd2 Nbd7 12. a3 Rc8 13. Rac1 Nd5 14. Bxe7 Qxe7 15.
Qb1 N5f6 16. Rxc8 Rxc8 17. Rc1 Rxc1+ 18. Qxc1 h6 19. Qc7 a6 20. Nc4 Nd5 21. Qxd6 Qxd6 22. Nxd6 Kf8 23. Nd2 b5 24. Nb3 Ke7 25. Ne4 N7b6 26.
Ned2 Na4 27. Nc5 Nxb2 28. Nxa6 Kd6 29. Kf1 Nc3 30. Ke1 Nd3+ 31. Kf1 Kc6 32. Nb4+ Nxb4 33. axb4 Na2 34. Ke2 Nxb4 35. Nb3 Nd5 36. Kd3 f5 37. f3 g5 38. e4 Nf4+ 39. Ke3 Nxg2+ 40. Kf2 Nf4 41. exf5 exf5 42. Ke3 Kd5 43. Kd2 b4 44. Ke3 Kc4 45. Na5+ Kc3 46. d5 Nxd5+ 47. Ke2 b3 48. Nxb3 Kxb3 49. f4 g4 50. h3 Nxf4+ 51. Kf2 Nxh3+ 52.
Kg3 h5 53. Kh4 f4 54. Kxh5 f3 55. Kxg4 f2 56. Kxh3 f1=Q+ 57. Kg3 Kc3 58. Kg4 Kd4 0-1

[Event "Live Chess"]
[Site "Chess.com"]
[Date "2024.06.02"]
[Round "-"]
[White "Frankie_Badacsonyi"]
[Black "ACM42"]
[Result "1-0"]
[WhiteElo "2408"]
[BlackElo "2168"]
[TimeControl "300"]
[EndTime "18:56:09 PDT"]
[Termination "Frankie_Badacsonyi won on time"]

1. Nf3 g6 2. g3 Bg7 3. Bg2 Nf6 4. O-O O-O 5. b3 Ne4 6. d4 c5 7. Bb2 d5 8. e3 Nc6 9. Nbd2 f5 10. c4 e6 11. Rc1 b6 12. Qc2 Ba6 13. Rfd1 Rc8 14. dxc5 bxc5 15. Bxg7 Kxg7 16. Qb2+ Qf6 17. Qxf6+ Kxf6 18. cxd5 exd5 19. Nxe4+ dxe4 20. Nd2 Nb4 21. Nc4 Rfd8 22.
Bf1 Nxa2 23. Ra1 Nb4 24. Nd6 Rc6 25. Nxe4+ Ke7 26. Rxd8 Kxd8 27. Nc3 Bxf1 28. Kxf1 a6 29. Ra4 Kc7 30. Ke2 Kb7 31. Ra1 Rd6 32. Na4 Kc6 33. Rc1 Rd5 34. Nb2 Kb5 35. Nc4 Rd3 36.
Nd2 a5 37. h4 Rd5 38. Rh1 a4 39.
bxa4+ Kxa4 40. h5 Kb5 41. hxg6 hxg6 42. Rh6 Rd6 43. Rh8 c4 44. Rb8+ Kc5 45. Rc8+ Nc6 46. Nb1 c3 47. Nxc3 Kb6 48. Rf8 Ne5 49. Na4+ 1-0

[Event "Live Chess"]
[Site "Chess.com"]
[Date "2024.06.02"]
[Round "-"]
[White "Cruiseylee78"]
[Black "gobbles19"]
[Result "1-0"]
[WhiteElo "1677"]
[BlackElo "2276"]
[TimeControl "300"]
[EndTime "18:56:47 PDT"]
[Termination "Cruiseylee78 won by resignation"]

1. d4 Nf6 2. Bf4 e6 3. e3 c5 4. c3 Qb6 5. Qc2 Nc6 6. Nf3 Be7 7. Bd3 d6 8. Nbd2 Nh5 9. Nc4 Qd8 10. dxc5 Nxf4 11.
exf4 dxc5 12. O-O-O Qc7 13. g3 b5 14. Nce5 Rb8 15.
Bxh7 Nxe5 16. Nxe5 Bb7 17. Bg6 Rf8 18. Bxf7+ Rxf7 19. Qg6 Bd6 20. Rxd6 Kf8 21. Rhd1 Bd5 22. Rxe6 Bxe6 23. Qxe6 Rd8 24. h4 Rxd1+ 25. Kxd1 Rf6 26. Nd7+ 1-0

[Event "Live Chess"]
[Site "Chess.com"]
[Date "2024.06.02"]
[Round "-"]
[White "booktrunk"]
[Black "MagnersCarlsberg2870"]
[Result "1-0"]
[WhiteElo "1516"]
[BlackElo "1793"]
[TimeControl "300"]
[EndTime "18:56:53 PDT"]
[Termination "booktrunk won by resignation"]

1. e3 c5 2. Nf3 Nc6 3. b3 Nf6 4. Bb2 g6 5. Be2 Bg7 6. O-O O-O 7. Nc3 d6 8. Rb1 Bf5 9. d3 a6 10. e4 Bg4 11. h3 Bxf3 12. Bxf3 Ne5 13. Be2 b5 14. f4 Nc6 15. Nd5 Nb4 16. Nxb4 cxb4 17. g3 Qb6+ 18. Kg2 Rac8 19. Bf3 Qc5 20. Rc1 Nd7 21. Bxg7 Kxg7 22. Qd2 e6 23. d4 Qc3 24.
Qxc3 bxc3 25. Rfe1 b4 26. Re3 f5 27. exf5 exf5 28. Re7+ Rf7 29. Rxf7+ Kxf7 30. Bd5+ Kf6 31.
Re1 Nb6 32. Re6+ Kf7 33. Rxd6+ Nxd5 34. Rxd5 Re8 35. Re5 Rd8 36. d5 h6 37. Kf3 Rd6 38. Ke3 Kf6 39. Kd4 g5 40. Kc5 Rd8 41. Re6+ Kg7 42.
Rxa6 gxf4 43. gxf4 h5 44. h4 Rb8 45. Re6 Kf7 46.
Rh6 Rc8+ 47. Kxb4 Rd8 48. Rxh5 Rxd5 49. Kc4 Ra5 50. a4 Kg6 51. Rg5+ Kh6 52. h5 Ra8 53. Kxc3 Rc8+ 54. Kb2 Re8 55. Rxf5 1-0

[Event "Live Chess"]
[Site "Chess.com"]
[Date "2024.06.02"]
[Round "-"]
[White "GerardATHart"]
[Black "Dhaydon19"]
[Result "0-1"]
[WhiteElo "1393"]
[BlackElo "2680"]
[TimeControl "300"]
[EndTime "18:57:24 PDT"]
[Termination "Dhaydon19 won by checkmate"]

1. e4 c6 2. d4 d5 3. exd5 cxd5 4. Bd3 Nf6 5. c3 Nc6 6. h3 g6 7.
Nf3 Bf5 8. O-O Bxd3 9. Qxd3 Bg7 10. Bg5 Ne4 11. Bh4 O-O 12. Nbd2 f5 13. Ng5 Qd7 14. Ndxe4 fxe4 15. Qe3 h6 16. Nxe4 dxe4 17. Qxe4 Qf5 18. Qe3 g5 19. Bg3 Bf6 20. f4 g4 21.
hxg4 Qxg4 22. f5 Nxd4 23. Rf4 Ne2+ 24. Kf2 Nxf4 25. Qxf4 Qxf4+ 26. Bxf4 Bg5 27. g3 Bxf4 28. gxf4 Rxf5 29. Kf3 Raf8 30. Rg1+ Kh7 31. Rg4 e5 32. Ke4 Rxf4+ 33. Rxf4 exf4 34. Kf3 h5 35. Kg2 f3+ 36. Kf2 h4 37. Kg1 h3 38. b3 f2+ 39.
Kf1 h2 40. Kg2 h1=Q+ 41. Kg3 f1=Q 42. Kg4 Qf4# 0-1

[Event "Live Chess"]
[Site "Chess.com"]
[Date "2024.06.02"]
[Round "-"]
[White "juniortay"]
[Black "NeilDruggan73"]
[Result "1-0"]
[WhiteElo "2423"]
[BlackElo "1779"]
[TimeControl "300"]
[EndTime "18:57:50 PDT"]
[Termination "juniortay won by checkmate"]

1. e4 d6 2. Nc3 Nf6 3. f4 g6 4. Nf3 Bg7 5. Bc4 O-O 6. d3 c6 7. Bb3 b5 8. O-O Bg4 9. Qe1 Nbd7 10. Qh4 Bxf3 11. Rxf3 Nc5 12. f5 Nxb3 13. axb3 e5 14.
Bg5 a6 15. Kh1 h5 16. Raf1 Kh7 17. h3 Bh6 18. Bxf6 Qd7 19. Bg5 Bxg5 20. Qxg5 Qd8 21. fxg6+ fxg6 22. Rf7+ Rxf7 23. Rxf7+ Kh8 24. Qh6+ Kg8 25.
Qg7# 1-0

[Event "Live Chess"]
[Site "Chess.com"]
[Date "2024.06.02"]
[Round "-"]
[White "KGreenGator"]
[Black "RockTroll"]
[Result "1-0"]
[WhiteElo "1790"]
[BlackElo "2194"]
[TimeControl "300"]
[EndTime "18:58:00 PDT"]
[Termination "KGreenGator won by resignation"]

1. c4 Nf6 2. Nc3 g6 3. e3 Bg7 4. d4 d6 5. Nf3 O-O 6. Be2 Nbd7 7. O-O e5 8. Re1 Re8 9. d5 e4 10. Nd2 h5 11. Qc2 Qe7 12. f3 Nc5 13. fxe4 Ncxe4 14. Ndxe4 Nxe4 15. Nxe4 Qxe4 16. Bd3 Qh4 17. Bd2 Be5 18.
h3 Qg3 19. Bc3 Qh2+ 20. Kf1 Bg3 21. Bxg6 Qh1+ 22. Ke2 Qxg2+ 23. Kd3 fxg6 24. Qxg2 Bf5+ 25. Kd2 h4 26. Rf1 Be4 27. Qe2 Re7 28. Qg4 Rae8 29. Bd4 Kh7 30. Rf6 Bf5 31. Qg5 c5 32. dxc6 bxc6 33.
c5 dxc5 34. Bxc5 Rd7+ 35. Ke2 Bd3+ 36. Kf3 Be4+ 37. Kg4 Bd5 38. Qxg6+ Kh8 39. Qxe8+ 1-0

[Event "Live Chess"]
[Site "Chess.com"]
[Date "2024.06.02"]
[Round "-"]
[White "e4evr"]
[Black "Frankie_Badacsonyi"]
[Result "0-1"]
[WhiteElo "2221"]
[BlackElo "2412"]
[TimeControl "300"]
[EndTime "18:58:39 PDT"]
[Termination "Frankie_Badacsonyi won by checkmate"]

1. d4 d5 2. Kd2 Kd7 3. Qe1 Qe8 4. Kd1 Kd8 5. g3 Nf6 6. Bg2 Bf5 7. Nf3 e6 8. Nfd2 c6 9. Nf1 Bd6 10. Rg1 h6 11.
Bh1 Nbd7 12. Nbd2 Qe7 13. Nb3 Rc8 14. Ne3 Bh7 15. Qa5+ Nb6 16. Qxa7 Kc7 17. Qa5 Bb4 18. Bd2 Bxa5 19. Bxa5 Ra8 20. c4 Rxa5 21. Nxa5 Nxc4 22. Naxc4 dxc4 23. Ke1 Qb4+ 24. Kf1 Nd5 25. Bxd5 cxd5 26.
Kg2 Qxb2 27. Kh1 Qxe2 28. a4 Be4+ 29. Ng2 Qxf2 30. a5 Ra8 31. h4 Qxg3 32. Ra3 Qxh4+ 33.
Rh3 Qxh3# 0-1

[Event "Live Chess"]
[Site "Chess.com"]
[Date "2024.06.02"]
[Round "-"]
[White "KeithArkell"]
[Black "RafaelRony"]
[Result "1-0"]
[WhiteElo "2446"]
[BlackElo "1074"]
[TimeControl "300"]
[EndTime "18:59:20 PDT"]
[Termination "KeithArkell won by checkmate"]

1. d4 d5 2. Nf3 e6 3. c4 Nf6 4. cxd5 exd5 5. Nc3 Be7 6. Bg5 O-O 7. e3 h6 8. Bxf6 Bxf6 9. b4 a5 10. b5 c6 11. bxc6 Nxc6 12. Qb3 Re8 13. Qxd5 Qb6 14. Qb3 Qc7 15. Be2 Be6 16. Bc4 a4 17. Nxa4 Bxc4 18.
Qxc4 Qa5+ 19. Nc3 Rec8 20. Qb3 Ra6 21. O-O Rb6 22. Qc2 Nxd4 23. Nxd4 Rxc3 24. Qd2 Bxd4 25. exd4 Qa3 26. Rac1 Rd3 27. Rc8+ Kh7 28. Qf4 Rf6 29.
Qe4+ g6 30. Qe8 g5 31. Qg8# 1-0

[Event "Live Chess"]
[Site "Chess.com"]
[Date "2024.06.02"]
[Round "-"]
[White "MagnersCarlsberg2870"]
[Black "e4evr"]
[Result "1-0"]
[WhiteElo "1808"]
[BlackElo "2206"]
[TimeControl "300"]
[EndTime "18:59:46 PDT"]
[Termination "MagnersCarlsberg2870 won by checkmate"]

1. Nf3 b5 2. e4 f6 3. Bxb5 Bb7 4. Nc3 e5 5. Nxe5 Bd6 6. Qh5+ g6 7. Nxg6 hxg6 8. Qxh8 Kf8 9. Bc4 Ke7 10. Qg7+ Ke8 11. Qf7# 1-0

[Event "Live Chess"]
[Site "Chess.com"]
[Date "2024.06.02"]
[Round "-"]
[White "juniortay"]
[Black "GerardATHart"]
[Result "1-0"]
[WhiteElo "2423"]
[BlackElo "1393"]
[TimeControl "300"]
[EndTime "19:00:18 PDT"]
[Termination "juniortay won by resignation"]

1. e4 e5 2. Nc3 Nf6 3. f4 d5 4.
fxe5 Nxe4 5. d3 Nxc3 6. bxc3 Nc6 7. Nf3 Bg4 8. d4 Qd7 9. Bd3 O-O-O 10. O-O Be7 11. Rb1 f6 12. Qe2 fxe5 13. dxe5 d4 14.
Ba6 d3 15. Bxb7+ Kb8 16. Bxc6+ 1-0

[Event "Live Chess"]
[Site "Chess.com"]
[Date "2024.06.02"]
[Round "-"]
[White "asingardenof"]
[Black "ShanthamGrarks"]
[Result "0-1"]
[WhiteElo "626"]
[BlackElo "1876"]
[TimeControl "300"]
[EndTime "19:01:16 PDT"]
[Termination "ShanthamGrarks won by resignation"]

1. e3 d5 2. d3 c6 3. Ne2 e5 4. Ng3 Bd6 5. Nd2 f5 6. Nb3 Nf6 7. Bd2 Be6 8. Be2 Nbd7 9. O-O O-O 10. Bc3 Qe7 11. Bf3 e4 12. dxe4 fxe4 13. Be2 Ne5 14. Bd2 Rad8 15. Nd4 Bg4 16. f3 Bc8 17. f4 Ng6 18. Be1 Bc5 19. f5 Ne5 20. Bc3 Bxd4 21.
Bxd4 c5 22. Bxe5 Qxe5 23. c3 a6 24. b3 b5 25. Rc1 Bb7 26. c4 bxc4 27. bxc4 d4 28.
exd4 cxd4 29. Qc2 d3 30. Bxd3 exd3 31. Qd2 Ne4 32. Rfd1 Nxd2 33. Rc3 Qe3+ 34. Kh1 Ne4 35. Rf1 Nxg3+ 36. hxg3 Qxg3 37. Rf3 Bxf3 38. gxf3 Rxf5 0-1

[Event "Live Chess"]
[Site "Chess.com"]
[Date "2024.06.02"]
[Round "-"]
[White "MaksymYurii"]
[Black "Dhaydon19"]
[Result "0-1"]
[WhiteElo "958"]
[BlackElo "2680"]
[TimeControl "300"]
[EndTime "19:01:16 PDT"]
[Termination "Dhaydon19 won by checkmate"]

1. e4 d5 2. f4 dxe4 3. Qe2 Nf6 4.
Nc3 Qd4 5. b3 Bg4 6. Qe3 Nc6 7.
Bb2 e6 8. Qg3 Bf5 9. Nb5 Qd7 10.
O-O-O a6 11. Nc3 O-O-O 12. Re1 Qxd2+ 13. Kb1 Nh5 14. Qh4 Be7 15. Qf2 Qxf2 16. Rd1 Rxd1+ 17. Nxd1 Qxf1 18. Kc1 Rd8 19. g4 Rxd1# 0-1

[Event "Live Chess"]
[Site "Chess.com"]
[Date "2024.06.02"]
[Round "-"]
[White "RockTroll"]
[Black "NeilDruggan73"]
[Result "1-0"]
[WhiteElo "2195"]
[BlackElo "1778"]
[TimeControl "300"]
[EndTime "19:01:28 PDT"]
[Termination "RockTroll won by resignation"]

1. e4 d6 2. Nf3 Nf6 3. Nc3 g6 4. d4 Bg7 5. Be2 O-O 6. O-O b6 7. Re1 c5 8. Bf1 Nc6 9. d5 Nb8 10. h3 Nh5 11. a4 f5 12. Ng5 h6 13. Ne6 Bxe6 14. dxe6 fxe4 15. Qd5 Na6 16. Bxa6 Rf5 17. Qc6 Qf8 18. Be3 Bd4 19. Nd5 Bxe3 20. Nxe7+ Kh8 21. Nxf5 Bxf2+ 22. Kxf2 Qxf5+ 23. Kg1 Nf4 24. Qxa8+ Kg7 25. Qb7+ Kf6 26. Qf7+ Kg5 27. Qxf5+ gxf5 28. e7 1-0

[Event "Live Chess"]
[Site "Chess.com"]
[Date "2024.06.02"]
[Round "-"]
[White "RafaelRony"]
[Black "IgorSchukin"]
[Result "0-1"]
[WhiteElo "1074"]
[BlackElo "1744"]
[TimeControl "300"]
[EndTime "19:01:39 PDT"]
[Termination "IgorSchukin won by resignation"]

1. e4 c5 2. Nf3 e6 3. d4 cxd4 4. Nxd4 Nc6 5. Nc3 Qc7 6. Ndb5 Qb8 7. Be3 Nf6 8. Bd3 Be7 9. O-O O-O 10. f4 d6 11. Qf3 Bd7 12. Na3 a6 13. Nab1 b5 14. a4 b4 15. Ne2 Qc7 16. c3 Rab8 17. Nd2 bxc3 18. Nxc3 Nb4 19. Rfc1 Nxd3 0-1

[Event "Live Chess"]
[Site "Chess.com"]
[Date "2024.06.02"]
[Round "-"]
[White "KeithArkell"]
[Black "Cruiseylee78"]
[Result "1-0"]
[WhiteElo "2446"]
[BlackElo "1677"]
[TimeControl "300"]
[EndTime "19:02:36 PDT"]
[Termination "KeithArkell won by resignation"]

1. d4 d6 2. Nf3 Nd7 3. d5 c6 4. c4 e5 5. dxe6 fxe6 6. Nc3 Ngf6 7. g3 Be7 8. Bh3 Nf8 9. O-O h6 10. e4 g5 11. e5 g4 12. exf6 Bxf6 13. Bxg4 h5 14.
Bh3 Ng6 15. Ne4 Rg8 16. Nxf6+ Qxf6 17. Bg5 Qxb2 18. Qxd6 Qg7 19. Bxe6 Bxe6 20. Qxe6+ 1-0

[Event "Live Chess"]
[Site "Chess.com"]
[Date "2024.06.02"]
[Round "-"]
[White "nigelst"]
[Black "WelshTiger"]
[Result "0-1"]
[WhiteElo "1740"]
[BlackElo "2441"]
[TimeControl "300"]
[EndTime "19:03:07 PDT"]
[Termination "WelshTiger won by resignation"]

1. e4 c5 2. Nf3 d6 3. Bb5+ Nd7 4. Ba4 a6 5. c3 b5 6. Bb3 Bb7 7. O-O e6 8. Bc2 Ngf6 9. Qe2 Be7 10. d4 Qc7 11. Re1 e5 12. dxe5 dxe5 13. Be3 O-O 14. Nbd2 c4 15. Bg5 h6 16. Bxf6 Nxf6 17. Rad1 Bc5 18.
Nf1 Ng4 19. Ne3 Nxe3 20. fxe3 Rad8 21. Rxd8 Rxd8 22. Kf2 Bc8 23. h3 Be6 24. Rd1 f6 25.
Rxd8+ Qxd8 26. Qd2 Qxd2+ 27. Nxd2 Kf7 28. Ke2 a5 29. b3 cxb3 30. axb3 Ke7 31. c4 b4 32. Nf3 g6 33. g4 h5 34. gxh5 gxh5 35. h4 Bg4 36.
Kf2 Ke6 37. Nh2 f5 38. Nxg4 fxg4 39. Bd3 Be7 40. Kg3 Kd6 41. Bc2 Kc5 42. Bd3 Bd8 43.
Bc2 a4 44. bxa4 Kxc4 45. Kf2 Bxh4+ 46. Ke2 Kc3 47. Bd1 Bd8 48. Kf2 b3 49. Bxb3 Kxb3 50. a5 Bxa5 51. Kg3 Be1+ 0-1

[Event "Live Chess"]
[Site "Chess.com"]
[Date "2024.06.02"]
[Round "-"]
[White "RafaelRony"]
[Black "NeilDruggan73"]
[Result "0-1"]
[WhiteElo "1074"]
[BlackElo "1778"]
[TimeControl "300"]
[EndTime "19:04:57 PDT"]
[Termination "NeilDruggan73 won by resignation"]

1. e4 d6 2. Nf3 Nf6 3. Nc3 g6 4. d4 Bg7 5. Be3 O-O 6. Bc4 c6 7. d5 b5 8. Bb3 b4 9. Ne2 Nxe4 10.
Ng3 Nxg3 11. hxg3 Bxb2 12. Rb1 Bc3+ 13. Bd2 c5 14. Bxc3 bxc3 15. Qd3 Qa5 16. Qe3 h5 17. g4 Bxg4 18. Ng5 Kg7 19. f3 f6 20. Ne6+ Bxe6 21. dxe6 Qb5 22. Kf2 c4 23. Bxc4 Qxc4 24. Rxh5 gxh5 25. Rh1 Qc5 26. Qxc5 0-1

[Event "Live Chess"]
[Site "Chess.com"]
[Date "2024.06.02"]
[Round "-"]
[White "MagnersCarlsberg2870"]
[Black "juniortay"]
[Result "0-1"]
[WhiteElo "1808"]
[BlackElo "2423"]
[TimeControl "300"]
[EndTime "19:05:03 PDT"]
[Termination "juniortay won by resignation"]

1. Nf3 Nf6 2. g3 g6 3. Bg2 Bg7 4. O-O O-O 5. d3 d6 6. e4 c6 7. Nbd2 Qa5 8. Re1 Qh5 9. h4 Bg4 10. Nf1 Nbd7 11. N1h2 e5 12. Nxg4 Nxg4 13. Bh3 f5 14.
Ng5 Rae8 15. f3 Nh6 16. c3 Kh8 17. Be3 Nf7 18. g4 Qxh4 19. Kg2 Nxg5 20. Bxg5 Qxg5 21. Rh1 fxe4 22. dxe4 Rf6 23. Qd3 Ref8 24. Raf1 Nc5 25. Qe2 Ne6 26. Kg3 Qf4+ 27. Kg2 Ng5 0-1

[Event "Live Chess"]
[Site "Chess.com"]
[Date "2024.06.02"]
[Round "-"]
[White "Crowded_House"]
[Black "gobbles19"]
[Result "1/2-1/2"]
[WhiteElo "1695"]
[BlackElo "2268"]
[TimeControl "300"]
[EndTime "19:05:22 PDT"]
[Termination "Game drawn - insufficient material"]

1. d4 Nf6 2. Bg5 c5 3. c3 Qb6 4.
Qb3 e6 5. Qxb6 axb6 6. Nf3 Nc6 7.
e3 Ne4 8. Bh4 Be7 9. Bxe7 Kxe7 10. Nbd2 Nxd2 11. Nxd2 d5 12. Be2 Bd7 13. O-O f6 14. Nf3 e5 15. dxe5 fxe5 16. Rfd1 e4 17. Nd2 Be6 18. Rac1 Rxa2 19. Rb1 Rf8 20. Bb5 Ne5 21.
Nb3 c4 22. Nd4 Nd3 23. Nxe6 Kxe6 24. Rf1 Ra5 25. Bxc4 dxc4 26. b3 Ne5 27. bxc4 Nxc4 28. Rb4 Rc5 29. Rd1 Ra8 30. h3 Ke5 31. Rd7 Ra1+ 32.
Kh2 Nd2 33. Kg3 Nf1+ 34. Kh4 Rxc3 35. Rxb6 Rc6 36. Rxc6 bxc6 37. Rxg7 Ra2 38. Rxh7 Rxf2 39. Rh5+ Kd6 40. Rh6+ Kd5 41. Rh5+ Kc4 42. Re5 Kd3 43. Rc5 Nxe3 44. Rxc6 Nxg2+ 45. Kg3 Ra2 46. Rd6+ Ke3 47.
Rb6 Ne1 48. Rb3+ Nd3 49. h4 Rg2+ 50. Kxg2 Kf4 51. Rxd3 exd3 52. Kf2 Kg4 53. Ke3 Kxh4 54. Kxd3 1/2-1/2

[Event "Live Chess"]
[Site "Chess.com"]
[Date "2024.06.02"]
[Round "-"]
[White "IgorSchukin"]
[Black "RockTroll"]
[Result "1-0"]
[WhiteElo "1759"]
[BlackElo "2180"]
[TimeControl "300"]
[EndTime "19:05:36 PDT"]
[Termination "IgorSchukin won by resignation"]

1. e4 c6 2. d4 d5 3. Nc3 dxe4 4.
Nxe4 Nf6 5. Nxf6+ exf6 6. g3 Bd6 7. Bg2 Be6 8. Ne2 Nd7 9. O-O Qc7 10. Bf4 h5 11.
Bxd6 Qxd6 12. Nf4 h4 13. Nxe6 fxe6 14. Re1 hxg3 15. hxg3 O-O-O 16. c3 Rh6 17. Qa4 Kb8 18. Rad1 Rdh8 19. Qb3 f5 20. c4 f4 21. c5 Qe7 22.
Bxc6 Nxc5 23. dxc5 fxg3 24. Qxg3+ Ka8 25. Bg2 Qf6 26. c6 e5 1-0

[Event "Live Chess"]
[Site "Chess.com"]
[Date "2024.06.02"]
[Round "-"]
[White "grillage"]
[Black "Mikhail_Golubev"]
[Result "0-1"]
[WhiteElo "1861"]
[BlackElo "2575"]
[TimeControl "300"]
[EndTime "19:05:37 PDT"]
[Termination "Mikhail_Golubev won by checkmate"]

1. d4 Nf6 2. Nf3 d6 3. c4 g6 4. g3 Bg7 5. Bg2 O-O 6. O-O Nbd7 7. d5 Nb6 8. Nbd2 e6 9. e4 exd5 10. exd5 Re8 11. Rb1 Bf5 12. Ra1 Bd3 13. Re1 Nxc4 14.
Nxc4 Bxc4 15. Ng5 Rxe1+ 16. Qxe1 Bxd5 17. Be3 Bxg2 18. Kxg2 Qd7 19. Qb4 Qc6+ 20. Kg1 a5 21. Qb3 Qd5 22. Qc2 h6 23. Nh3 c6 24. Rd1 Qxa2 25.
Rxd6 Nd5 26. Bc1 Re8 27. Kg2 a4 28. Qd2 Qc4 29. Rd7 b5 30. Nf4 Nxf4+ 31. Qxf4 Qxf4 32. Bxf4 Bxb2 33. Bd6 a3 34. Ra7 Rd8 35. Bxa3 Bxa3 36.
Rxa3 b4 37. Ra6 c5 38. Rc6 Rd5 39. Rb6 Kg7 40. Kf3 f5 41. Ke3 g5 42. f4 g4 43. Rb5 h5 44. Rb6 Kf7 45. Ke2 Ke7 46. Ke3 Kd7 47. Rb5 Kc6 48. Rb8 Rd7 49. Ke2 Rb7 50.
Rc8+ Kd5 51. Rd8+ Kc4 52. Kd2 b3 53. Kc1 Kc3 54. Re8 Rd7 55. Re3+ Rd3 56. Re5 c4 57. Rxf5 b2+ 58. Kb1 Rd1+ 59. Ka2 b1=Q+ 60. Ka3 Qa1# 0-1